Bridgeport Sound Tigers vs Brampton Battalion

Created - 29 octobre 2021 at 10:02

Goals
1 2 3 T
Bridgeport Sound Tigers 2 6 2 10
Brampton Battalion 2 2 0 4
Shots
1 2 3 T
Bridgeport Sound Tigers 14 23 8 45
Brampton Battalion 13 16 13 42

1st period

1. Brampton Battalion , Austin Poganski 3 (Mark Kastelic 2, James Sanchez 6) at 0:31
2. Brampton Battalion , Paul Cotter 4 (Kole Sherwood 4, Kristian Vesalainen 2) at 3:26
3. Bridgeport Sound Tigers , Nick Schilkey 3 (Alex Dostie 2, William Lagesson 7) at 6:05
4. Bridgeport Sound Tigers , Luke Philp 3 (Ryan Reaves 5, Austin Wagner 9) at 15:51 (PP)

Penalties :
Austin Poganski (BAT) for High sticking (Minor) at 15:41

2nd period

5. Bridgeport Sound Tigers , Alex Dostie 1 (Nick Schilkey 3, William Borgen 7) at 2:55
6. Brampton Battalion , Owen Tippett 6 (Barrett Hayton 5, Martin Kaut 3) at 3:55 (PP)
7. Bridgeport Sound Tigers , William Borgen 2 (Ryan Reaves 6, Austin Wagner 10) at 7:47 (PP)
8. Bridgeport Sound Tigers , Chris Mueller 3 (Rem Pitlick 7, Cole Cassels 3) at 8:28
9. Bridgeport Sound Tigers , Austin Wagner 4 (Alex Dostie 3) at 14:12
10. Bridgeport Sound Tigers , William Borgen 3 (Ryan Reaves 7, Austin Wagner 11) at 14:38
11. Bridgeport Sound Tigers , Cole Cassels 4 (Chris Mueller 6, Cameron York 2) at 17:27
12. Brampton Battalion , Frederik Gauthier 5 (Morgan Geekie 5) at 18:47

Penalties :
Ryan Reaves (SND) for Tripping (Minor) at 3:17, Martin Kaut (BAT) for Holding Stick (Minor) at 7:27, Martin Kaut (BAT) for Holding (Minor) at 8:53, Jake Bean (BAT) for Fighting (Major) at 11:41, Nick Schilkey (SND) for Fighting (Major) at 11:41, Nick Schilkey (SND) for instigated a fight (Minor) at 11:41, Nick Schilkey (SND) for instigated a fight (10 Minutes Misconduct) at 11:41

3rd period

13. Bridgeport Sound Tigers , Cole Cassels 5 (Rem Pitlick 8, William Lagesson 8) at 5:10
14. Bridgeport Sound Tigers , Ryan Reaves 8 (Nick Schilkey 4, Mason Shaw 4) at 19:54 (SH)

Penalties :
Robbie Russo (SND) for Roughing (Minor) at 10:56, Robbie Russo (SND) for Cross-checking (Minor) at 18:51

Goalie Stats

Cal Petersen (SND), 38 saves from 42 shots - (0,905), W, 4-2-0, 60:00 minutes
Garret Sparks (BAT), 22 saves from 28 shots - (0,786), L, 4-2-0, 34:12 minutes
Calvin Pickard (BAT), 13 saves from 17 shots - (0,765), 25:48 minutes

Players Stats for Bridgeport Sound Tigers

Player Name              G  A  P  +/- PIM S  H  SB GA TA FO     MP     PP MP  PK MP  
------------------------------------------------------------------------------------
Alex Dostie              1  2  3   3  0   2  0  0  0  1  4/7     9:22   0:00   1:16 
Austin Wagner            1  3  4   1  0   6  3  2  0  0  0/0    20:44   1:34   0:00 
Cameron York             0  1  1   2  0   1  0  1  0  0  0/0    13:48   0:00   0:57 
Chris Mueller            1  1  2   1  0   1  0  0  2  0  2/2    15:12   0:55   0:00 
Cole Cassels             2  1  3   1  0   4  2  1  0  0  7/18   15:12   0:55   0:00 
Dmitry Sokolov           0  0  0   3  0   0  0  0  0  0  0/0     8:06   0:00   0:00 
Luke Philp               1  0  1   0  0   8  0  0  0  0  17/31  20:12   1:34   0:00 
Mark Alt                 0  0  0   1  0   1  0  2  0  1  0/0    21:29   1:03   2:01 
Mason Shaw               0  1  1   0  0   1  1  1  0  0  8/13   13:54   0:00   3:26 
Michael Carcone          0  0  0   0  0   2  1  0  1  0  0/0    11:43   0:00   1:16 
Nick Schilkey            1  2  3   3  17  4  1  1  0  0  1/1     6:42   0:00   0:31 
Rem Pitlick              0  2  2   1  0   3  1  1  0  1  0/0    16:29   0:55   0:31 
Robbie Russo             0  0  0   0  4   1  2  2  0  0  0/0    20:14   1:03   0:47 
Ryan Reaves              1  3  4   1  2   6  2  1  4  0  1/1    22:27   1:34   1:04 
Ryan Shea                0  0  0   3  0   1  1  0  0  0  0/0    13:08   0:00   0:17 
Steven Lorentz           0  0  0   0  0   0  0  1  0  0  0/1    14:10   0:00   3:24 
William Borgen           2  1  3   2  0   3  0  1  1  2  0/0    25:40   1:26   3:43 
William Lagesson         0  2  2   2  0   1  2  1  0  1  0/0    25:40   1:26   3:43 

Players Stats for Brampton Battalion

Player Name              G  A  P  +/- PIM S  H  SB GA TA FO     MP     PP MP  PK MP  
------------------------------------------------------------------------------------
Austin Poganski          1  0  1  -1  2   8  0  1  0  0  0/0    12:11   0:00   1:31 
Barrett Hayton           0  1  1  -1  0   7  0  0  1  0  25/35  21:01   3:14   0:00 
Cam Dineen               0  0  0  -2  0   0  3  1  0  3  0/0    20:30   2:29   0:55 
Dennis Gilbert           0  0  0  -2  0   2  2  2  0  2  0/0    26:04   3:15   1:34 
Frederik Gauthier        1  0  1  -2  0   2  1  0  0  0  4/19   17:22   2:25   0:00 
Hunter Skinner           0  0  0  -1  0   2  2  2  0  1  0/0    13:26   0:00   0:00 
Jake Bean                0  0  0  -2  5   1  0  0  3  0  0/0    23:22   2:04   1:34 
James Sanchez            0  1  1  -1  0   2  0  1  1  0  0/0    11:01   0:05   0:00 
Kole Sherwood            0  1  1  -1  0   1  1  1  0  1  0/0     9:22   0:05   0:38 
Kristian Vesalainen      0  1  1  -1  0   1  0  1  0  0  0/0     8:36   0:00   0:29 
Leon Gawanke             0  0  0  -1  0   0  0  1  0  0  0/0    15:45   1:11   0:00 
Mark Kastelic            0  1  1  -1  0   1  2  2  0  1  1/6    11:15   0:00   0:29 
Martin Kaut              0  1  1  -1  4   1  2  0  0  0  0/2    21:04   3:14   0:00 
Morgan Geekie            0  1  1  -2  0   6  0  0  0  0  0/0    17:22   2:25   0:00 
Owen Tippett             1  0  1  -1  0   4  3  0  0  0  0/1    21:16   3:14   0:15 
Paul Cotter              1  0  1  -1  0   2  0  0  0  0  2/6     8:22   0:05   0:00 
Trent Frederic           0  0  0  -2  0   1  4  0  0  0  2/5    18:58   2:25   1:36 
Zach Trotman             0  0  0  -2  0   1  0  3  1  0  0/0    20:30   2:29   0:55 

3 Stars

1 - Austin Wagner (SND)
2 - Cole Cassels (SND)
3 - William Borgen (SND)

Power Play

Bridgeport Sound Tigers - 2 on 3 Attempt(s) - 66,67%
Brampton Battalion - 1 on 4 Attempt(s) - 25,00%

Penalty Kill

Bridgeport Sound Tigers - 3 on 4 Attempt(s) - 75,00% - Score 1 goal in Penalty Kill
Brampton Battalion - 1 on 3 Attempt(s) - 33,33% - Score 0 goal in Penalty Kill

Team Stat

Bridgeport Sound Tigers - Hits : 16 - Faceoff Wins : 40 - Blocked Shots : 15 - Penalty Minutes : 23
Brampton Battalion - Hits : 20 - Faceoff Wins : 34 - Blocked Shots : 15 - Penalty Minutes : 11

Official

Referees : Ryan Hersey and Steve Kozari
Linesman : David Brisebois and Steve Miller

Game Notes

2:51 of 1st period - Brampton Battalion goal is going for a video replay. After video review, No Goal. The net was displaced accidentally.
Jake Bean and Nick Schilkey fight to a draw at 11:41 of 2nd period
Calvin Pickard enters game at 14:12 of 2nd period

Finance

Level 1 -- Attendance: 1566 (78,30%) -- Ticket Income 54 810 $
Level 2 -- Attendance: 771 (77,10%) -- Ticket Income 11 565 $
Total Attendance: 2337 (77,90%)
Total Ticket Income: 66 375 $
Other Income: 32 524 $
Total Income: 98 899 $

Bridgeport Sound Tigers

5 vs 5 Forward 
   Center                   Left Wing                Right Wing               Time % Phy DF OF 
 1 Luke Philp               Austin Wagner            Ryan Reaves              40     1   2  2  
 2 Cole Cassels             Rem Pitlick              Chris Mueller            30     1   2  2  
 3 Mason Shaw               Steven Lorentz           Michael Carcone          20     1   2  2  
 4 Alex Dostie              Nick Schilkey            Dmitry Sokolov           10     1   2  2  

5 vs 5 Defense 
   Defense                  Defense                                           Time % Phy DF OF 
 1 William Borgen           William Lagesson                                  40     1   2  2  
 2 Mark Alt                 Robbie Russo                                      35     1   2  2  
 3 Cameron York             Ryan Shea                                         25     1   2  2  
 4 William Borgen           William Lagesson                                  0      1   2  2  

PowerPlay Forward 
   Center                   Left Wing                Right Wing               Time % Phy DF OF 
 1 Luke Philp               Ryan Reaves              Austin Wagner            60     1   2  2  
 2 Cole Cassels             Rem Pitlick              Chris Mueller            40     1   2  2  

PowerPlay Defense
   Defense                  Defense                                           Time % Phy DF OF 
 1 William Borgen           William Lagesson                                  60     1   2  2  
 2 Mark Alt                 Robbie Russo                                      40     1   2  2  

Penalty Kill 4 Players Forward 
   Center                   Wing                     Time % Phy DF OF 
 1 Mason Shaw               Steven Lorentz           60     1   2  2  
 2 Alex Dostie              Michael Carcone          40     1   2  2  

Penalty Kill 4 Players Defense
   Defense                  Defense                  Time % Phy DF OF 
 1 William Borgen           William Lagesson         60     1   2  2  
 2 Mark Alt                 Robbie Russo             40     1   2  2  

Penalty Kill - 3 Players Forward 
   Forward                                           Time % Phy DF OF 
 1 Mason Shaw                                        60     1   2  2  
 2 Alex Dostie                                       40     1   2  2  

Penalty Kill - 3 Players Defense
   Defense                  Defense                  Time % Phy DF OF 
 1 William Borgen           William Lagesson         60     1   2  2  
 2 Mark Alt                 Robbie Russo             40     1   2  2  

4 vs 4 Forward 
   Center                   Wing                     Time % Phy DF OF 
 1 Luke Philp               Austin Wagner            60     1   2  2  
 2 Cole Cassels             Austin Wagner            40     1   2  2  

4 vs 4 Defense
   Defense                  Defense                  Time % Phy DF OF 
 1 William Borgen           William Lagesson         60     1   2  2  
 2 Mark Alt                 Robbie Russo             40     1   2  2  

Last Minutes Offensive
   Center                   Left Wing                Right Wing               Defense                  Defense                  
   Luke Philp               Ryan Reaves              Austin Wagner            William Borgen           William Lagesson         

Last Minutes Defensive
   Center                   Left Wing                Right Wing               Defense                  Defense                  
   Mason Shaw               Steven Lorentz           Michael Carcone          William Borgen           William Lagesson         

Goaltenders
Starting : Cal Petersen             
Backup : Josef Korenar            

Extra Forwards
Normal : Ryan Reaves, Rem Pitlick, Steven Lorentz - PP : Steven Lorentz, Michael Carcone - PK : Nick Schilkey
Extra Defensemen
Normal : Cameron York, William Borgen, Robbie Russo - PP : Cameron York - PK : Cameron York, Ryan Shea
Penalty Shots
Ryan Reaves, Austin Wagner, Chris Mueller, Michael Carcone, Luke Philp

Scratches
Par Lindholm (Healthy), Tyrell Goulbourne (Healthy), Hayden Verbeek (Healthy), Nick Wolff (Healthy), Charlie Lindgren (Healthy)
Tyler Parsons (Healthy)

Brampton Battalion

5 vs 5 Forward 
   Center                   Left Wing                Right Wing               Time % Phy DF OF 
 1 Barrett Hayton           Owen Tippett             Martin Kaut              40     1   2  2  
 2 Frederik Gauthier        Trent Frederic           Morgan Geekie            30     1   2  2  
 3 Mark Kastelic            James Sanchez            Austin Poganski          20     1   2  2  
 4 Paul Cotter              Kristian Vesalainen      Kole Sherwood            10     1   2  2  

5 vs 5 Defense 
   Defense                  Defense                                           Time % Phy DF OF 
 1 Jake Bean                Dennis Gilbert                                    40     1   2  2  
 2 Zach Trotman             Cam Dineen                                        33     1   2  2  
 3 Leon Gawanke             Hunter Skinner                                    27     1   2  2  
 4 Jake Bean                Dennis Gilbert                                    0      1   2  2  

PowerPlay Forward 
   Center                   Left Wing                Right Wing               Time % Phy DF OF 
 1 Barrett Hayton           Owen Tippett             Martin Kaut              60     1   2  2  
 2 Frederik Gauthier        Trent Frederic           Morgan Geekie            40     1   2  2  

PowerPlay Defense
   Defense                  Defense                                           Time % Phy DF OF 
 1 Jake Bean                Dennis Gilbert                                    60     1   2  2  
 2 Zach Trotman             Cam Dineen                                        40     1   2  2  

Penalty Kill 4 Players Forward 
   Center                   Wing                     Time % Phy DF OF 
 1 Trent Frederic           Austin Poganski          60     1   2  2  
 2 Mark Kastelic            Kristian Vesalainen      40     1   2  2  

Penalty Kill 4 Players Defense
   Defense                  Defense                  Time % Phy DF OF 
 1 Jake Bean                Dennis Gilbert           60     1   2  2  
 2 Zach Trotman             Cam Dineen               40     1   2  2  

Penalty Kill - 3 Players Forward 
   Forward                                           Time % Phy DF OF 
 1 Barrett Hayton                                    60     1   2  2  
 2 Frederik Gauthier                                 40     1   2  2  

Penalty Kill - 3 Players Defense
   Defense                  Defense                  Time % Phy DF OF 
 1 Jake Bean                Dennis Gilbert           60     1   2  2  
 2 Zach Trotman             Cam Dineen               40     1   2  2  

4 vs 4 Forward 
   Center                   Wing                     Time % Phy DF OF 
 1 Barrett Hayton           Owen Tippett             60     1   2  2  
 2 Frederik Gauthier        Morgan Geekie            40     1   2  2  

4 vs 4 Defense
   Defense                  Defense                  Time % Phy DF OF 
 1 Jake Bean                Dennis Gilbert           60     1   2  2  
 2 Zach Trotman             Cam Dineen               40     1   2  2  

Last Minutes Offensive
   Center                   Left Wing                Right Wing               Defense                  Defense                  
   Barrett Hayton           Owen Tippett             Martin Kaut              Jake Bean                Dennis Gilbert           

Last Minutes Defensive
   Center                   Left Wing                Right Wing               Defense                  Defense                  
   Barrett Hayton           Owen Tippett             Martin Kaut              Jake Bean                Dennis Gilbert           

Goaltenders
Starting : Garret Sparks            
Backup : Calvin Pickard           

Extra Forwards
Normal : Paul Cotter, James Sanchez, Kole Sherwood - PP : Paul Cotter, James Sanchez - PK : Kole Sherwood
Extra Defensemen
Normal : Leon Gawanke, Jake Bean, Zach Trotman - PP : Leon Gawanke - PK : Leon Gawanke, Zach Trotman
Penalty Shots
Owen Tippett, Barrett Hayton, Frederik Gauthier, Trent Frederic, Martin Kaut

Scratches
Andy Welinski (Broken Left Thumb Injury), Alexandre Fortin (Healthy), Matt Abt (Healthy), Josh Teves (Healthy), Curtis Hall (Healthy)
Ryan O'Rourke (Healthy), Matt Villalta (Healthy), Brad Thiessen (Healthy)

% Time on Ice - Bridgeport Sound Tigers

Lines # - Real PCT - Wanted PCT - Time Play
Normal Forward
1 - 37% - 40% - 18:57
2 - 28% - 30% - 14:17
3 - 20% - 20% - 10:27
4 - 16% - 10% - 8:06
Normal Defense
1 - 39% - 40% - 20:20
2 - 36% - 35% - 18:25
3 - 25% - 25% - 12:51
4 - 0% - 0% - 0:11
PP Forward
1 - 63% - 60% - 1:34
2 - 37% - 40% - 0:55
PP Defense
1 - 58% - 60% - 1:26
2 - 42% - 40% - 1:03
PK Forward
1 - 78% - 60% - 4:28
2 - 22% - 40% - 1:16
PK Defense
1 - 65% - 60% - 3:43
2 - 35% - 40% - 2:01
PK3 Forward
1 - 0% - 60%
2 - 0% - 40%
PK3 Defense
1 - 0% - 60%
2 - 0% - 40%
44 Forward
1 - 0% - 60%
2 - 0% - 40%
44 Defense
1 - 0% - 60%
2 - 0% - 40%
Last Minute Offensive  - 0:00
Last Minute Defensive  - 0:00
Total
Forward - 60:00
Defense - 60:00

% Time on Ice - Brampton Battalion

Lines # - Real PCT - Wanted PCT - Time Play
Normal Forward
1 - 35% - 40% - 18:02
2 - 29% - 30% - 15:02
3 - 21% - 20% - 10:41
4 - 16% - 10% - 8:02
Normal Defense
1 - 41% - 40% - 21:15
2 - 33% - 33% - 17:06
3 - 26% - 27% - 13:26
4 - 0% - 0% - 0:00
PP Forward
1 - 58% - 60% - 3:19
2 - 42% - 40% - 2:25
PP Defense
1 - 57% - 60% - 3:15
2 - 43% - 40% - 2:29
PK Forward
1 - 81% - 60% - 2:00
2 - 19% - 40% - 0:29
PK Defense
1 - 63% - 60% - 1:34
2 - 37% - 40% - 0:55
PK3 Forward
1 - 0% - 60%
2 - 0% - 40%
PK3 Defense
1 - 0% - 60%
2 - 0% - 40%
44 Forward
1 - 0% - 60%
2 - 0% - 40%
44 Defense
1 - 0% - 60%
2 - 0% - 40%
Last Minute Offensive  - 0:00
Last Minute Defensive  - 0:00
Total
Forward - 60:00
Defense - 60:00

Play-by-Play

1st period


0:01 of 1st period - Luke Philp wins face-off versus Owen Tippett in neutral zone.
0:25 of 1st period - Snap shot by James Sanchez.
0:25 of 1st period - Shot Misses the Net.
0:27 of 1st period - Slapshot by James Sanchez.
0:27 of 1st period - Shot Misses the Net.
0:29 of 1st period - Wrist shot by Mark Kastelic.
0:29 of 1st period - Shot Misses the Net.
0:31 of 1st period - Wrist shot by Austin Poganski.
0:31 of 1st period - Goal by Austin Poganski - Bridgeport Sound Tigers : 0 - Brampton Battalion : 1.
0:32 of 1st period - Frederik Gauthier wins face-off versus Cole Cassels in neutral zone.
0:35 of 1st period - Snap shot by Morgan Geekie.
0:35 of 1st period - Shot Blocked by Cole Cassels.
0:37 of 1st period - Slapshot by Hunter Skinner.
0:37 of 1st period - Stopped by Cal Petersen with a rebound.
0:39 of 1st period - Snap shot by Trent Frederic.
0:39 of 1st period - Shot Blocked by Mark Alt.
0:41 of 1st period - Slapshot by Frederik Gauthier.
0:41 of 1st period - Stopped by Cal Petersen with a rebound.
0:43 of 1st period - Backhand shot by Frederik Gauthier.
0:43 of 1st period - Shot Blocked by Robbie Russo.
0:45 of 1st period - Snap shot by Morgan Geekie.
0:45 of 1st period - Deflect By Trent Frederic.
0:45 of 1st period - Shot Misses the Net.
0:45 of 1st period - Puck is out of play.
0:46 of 1st period - Mason Shaw wins face-off versus Paul Cotter in Bridgeport Sound Tigers zone.
1:22 of 1st period - Cameron York is hit by Cam Dineen and loses puck.
1:54 of 1st period - Off-side.
1:55 of 1st period - Cole Cassels wins face-off versus Frederik Gauthier in neutral zone.
2:08 of 1st period - Snap shot by Cole Cassels.
2:08 of 1st period - Shot Hit the Post.
2:10 of 1st period - Slapshot by Cole Cassels.
2:10 of 1st period - Stopped by Garret Sparks with a rebound.
2:47 of 1st period - Snap shot by Morgan Geekie.
2:47 of 1st period - Stopped by Cal Petersen with a rebound.
2:49 of 1st period - Snap shot by Trent Frederic.
2:49 of 1st period - Shot Blocked by Steven Lorentz.
2:51 of 1st period - Snap shot by Morgan Geekie.
2:51 of 1st period - Brampton Battalion goal is going for a video replay.
2:51 of 1st period - The goal is refused. The net was displaced accidentally..
2:52 of 1st period - Mark Kastelic wins face-off versus Cole Cassels in Bridgeport Sound Tigers zone.
2:53 of 1st period - Wrist shot by James Sanchez.
2:53 of 1st period - Stopped by Cal Petersen with a rebound.
3:03 of 1st period - Snap shot by Austin Poganski.
3:03 of 1st period - Shot Misses the Net.
3:07 of 1st period - Snap shot by Austin Poganski.
3:07 of 1st period - Stopped by Cal Petersen with a rebound.
3:17 of 1st period - Chris Mueller is hit by Dennis Gilbert and loses puck.
3:24 of 1st period - Snap shot by Kole Sherwood.
3:24 of 1st period - Shot Misses the Net.
3:26 of 1st period - Wrist shot by Paul Cotter.
3:26 of 1st period - Goal by Paul Cotter - Bridgeport Sound Tigers : 0 - Brampton Battalion : 2.
3:27 of 1st period - Barrett Hayton wins face-off versus Luke Philp in neutral zone.
3:54 of 1st period - Mason Shaw is hit by Mark Kastelic and loses puck.
4:12 of 1st period - Off-side.
4:13 of 1st period - Frederik Gauthier wins face-off versus Cole Cassels in neutral zone.
5:45 of 1st period - Wrist shot by Nick Schilkey.
5:45 of 1st period - Deflect By Alex Dostie.
5:45 of 1st period - Stopped by Garret Sparks with a rebound.
5:51 of 1st period - Snap shot by Nick Schilkey.
5:51 of 1st period - Shot Misses the Net.
6:03 of 1st period - Slapshot by Nick Schilkey.
6:03 of 1st period - Shot Misses the Net.
6:05 of 1st period - Wrist shot by Alex Dostie.
6:05 of 1st period - Deflect By Nick Schilkey.
6:05 of 1st period - Goal by Nick Schilkey - Bridgeport Sound Tigers : 1 - Brampton Battalion : 2.
6:06 of 1st period - Luke Philp wins face-off versus Barrett Hayton in neutral zone.
6:40 of 1st period - Mark Kastelic is hit by Cole Cassels and loses puck.
7:01 of 1st period - Off-side.
7:02 of 1st period - Barrett Hayton wins face-off versus Luke Philp in neutral zone.
7:07 of 1st period - Wrist shot by Barrett Hayton.
7:07 of 1st period - Stopped by Cal Petersen with a rebound.
8:47 of 1st period - Wrist shot by Luke Philp.
8:47 of 1st period - Stopped by Garret Sparks with a rebound.
8:59 of 1st period - Snap shot by Austin Poganski.
8:59 of 1st period - Shot Blocked by Mason Shaw.
9:01 of 1st period - Snap shot by Austin Poganski.
9:01 of 1st period - Stopped by Cal Petersen with a rebound.
9:31 of 1st period - Snap shot by Cole Cassels.
9:31 of 1st period - Stopped by Garret Sparks with a rebound.
9:41 of 1st period - Snap shot by Owen Tippett.
9:41 of 1st period - Shot Misses the Net.
9:57 of 1st period - Wrist shot by James Sanchez.
9:57 of 1st period - Deflect By Austin Poganski.
9:57 of 1st period - Shot Blocked by Nick Schilkey.
9:57 of 1st period - Puck is out of play.
9:58 of 1st period - Nick Schilkey wins face-off versus Mark Kastelic in Bridgeport Sound Tigers zone.
10:03 of 1st period - Slapshot by Dmitry Sokolov.
10:03 of 1st period - Shot Misses the Net.
10:05 of 1st period - Slapshot by Nick Schilkey.
10:05 of 1st period - Stopped by Garret Sparks without a rebound.
10:06 of 1st period - Ryan Reaves wins face-off versus Martin Kaut in Brampton Battalion zone.
10:19 of 1st period - Wrist shot by Austin Wagner.
10:19 of 1st period - Stopped by Garret Sparks without a rebound.
10:20 of 1st period - Barrett Hayton wins face-off versus Cole Cassels in Brampton Battalion zone.
10:26 of 1st period - Icing by Dennis Gilbert.
10:27 of 1st period - Barrett Hayton wins face-off versus Cole Cassels in Brampton Battalion zone.
11:12 of 1st period - Off-side.
11:13 of 1st period - Mason Shaw wins face-off versus Mark Kastelic in neutral zone.
11:28 of 1st period - Snap shot by Michael Carcone.
11:28 of 1st period - Shot Misses the Net.
12:17 of 1st period - Snap shot by Barrett Hayton.
12:17 of 1st period - Stopped by Cal Petersen with a rebound.
12:19 of 1st period - Wrist shot by Martin Kaut.
12:19 of 1st period - Stopped by Cal Petersen without a rebound.
12:20 of 1st period - Luke Philp wins face-off versus Frederik Gauthier in Bridgeport Sound Tigers zone.
12:36 of 1st period - Snap shot by Luke Philp.
12:36 of 1st period - Stopped by Garret Sparks with a rebound.
12:46 of 1st period - Steven Lorentz is hit by Kole Sherwood and loses puck.
13:11 of 1st period - Snap shot by James Sanchez.
13:11 of 1st period - Stopped by Cal Petersen without a rebound.
13:12 of 1st period - Alex Dostie wins face-off versus Barrett Hayton in Bridgeport Sound Tigers zone.
13:38 of 1st period - Jake Bean is hit by Ryan Reaves and loses puck.
13:50 of 1st period - Icing by Trent Frederic.
13:51 of 1st period - Chris Mueller wins face-off versus Frederik Gauthier in Brampton Battalion zone.
13:52 of 1st period - Snap shot by Rem Pitlick.
13:52 of 1st period - Shot Misses the Net.
13:54 of 1st period - Slapshot by William Lagesson.
13:54 of 1st period - Stopped by Garret Sparks with a rebound.
14:12 of 1st period - Snap shot by Frederik Gauthier.
14:12 of 1st period - Shot Misses the Net.
14:18 of 1st period - Morgan Geekie is hit by Ryan Reaves and loses puck.
14:33 of 1st period - Michael Carcone is hit by Martin Kaut and loses puck.
14:40 of 1st period - Wrist shot by Barrett Hayton.
14:40 of 1st period - Shot Misses the Net.
14:50 of 1st period - Steven Lorentz is hit by Owen Tippett and loses puck.
15:31 of 1st period - Wrist shot by Nick Schilkey.
15:31 of 1st period - Stopped by Garret Sparks with a rebound.
15:41 of 1st period - Minor Penalty to Austin Poganski for High sticking.
15:42 of 1st period - Trent Frederic wins face-off versus Luke Philp in Brampton Battalion zone.
15:51 of 1st period - Wrist shot by Luke Philp.
15:51 of 1st period - Deflect By Zach Trotman.
15:51 of 1st period - Goal by Luke Philp - Bridgeport Sound Tigers : 2 - Brampton Battalion : 2.
15:52 of 1st period - Luke Philp wins face-off versus Barrett Hayton in neutral zone.
16:43 of 1st period - Snap shot by Michael Carcone.
16:43 of 1st period - Shot Hit the Post.
16:45 of 1st period - Wrist shot by Mason Shaw.
16:45 of 1st period - Shot Misses the Net.
16:47 of 1st period - Snap shot by Mason Shaw.
16:47 of 1st period - Stopped by Garret Sparks with a rebound.
17:27 of 1st period - Wrist shot by Luke Philp.
17:27 of 1st period - Stopped by Garret Sparks with a rebound.
17:52 of 1st period - Robbie Russo is hit by Trent Frederic and loses puck.
18:03 of 1st period - Wrist shot by James Sanchez.
18:03 of 1st period - Shot Blocked by Rem Pitlick.
18:26 of 1st period - Wrist shot by Robbie Russo.
18:26 of 1st period - Stopped by Garret Sparks with a rebound.
19:19 of 1st period - Frederik Gauthier is hit by Nick Schilkey.
19:56 of 1st period - Off-side.
19:57 of 1st period - Barrett Hayton wins face-off versus Alex Dostie in neutral zone.
Goals for this period are 2 for Bridgeport Sound Tigers vs 2 for Brampton Battalion.
Shots for this period are 14 for Bridgeport Sound Tigers vs 13 for Brampton Battalion.

2nd period


0:01 of 2nd period - Luke Philp wins face-off versus Barrett Hayton in neutral zone.
0:04 of 2nd period - Martin Kaut is hit by Austin Wagner and loses puck.
0:09 of 2nd period - Wrist shot by Ryan Reaves.
0:09 of 2nd period - Stopped by Garret Sparks with a rebound.
0:11 of 2nd period - Wrist shot by Luke Philp.
0:11 of 2nd period - Stopped by Garret Sparks with a rebound.
0:13 of 2nd period - Slapshot by William Lagesson.
0:13 of 2nd period - Shot Misses the Net.
0:15 of 2nd period - Wrist shot by Austin Wagner.
0:15 of 2nd period - Shot Misses the Net.
0:25 of 2nd period - Owen Tippett is hit by Mason Shaw and loses puck.
0:30 of 2nd period - Snap shot by Michael Carcone.
0:30 of 2nd period - Shot Blocked by Zach Trotman.
0:32 of 2nd period - Slapshot by Michael Carcone.
0:32 of 2nd period - Deflect By Barrett Hayton.
0:32 of 2nd period - Stopped by Garret Sparks with a rebound.
0:34 of 2nd period - Slapshot by Ryan Shea.
0:34 of 2nd period - Stopped by Garret Sparks with a rebound.
0:36 of 2nd period - Snap shot by Michael Carcone.
0:36 of 2nd period - Shot Misses the Net.
0:38 of 2nd period - Wrist shot by Michael Carcone.
0:38 of 2nd period - Shot Blocked by Zach Trotman.
0:52 of 2nd period - Wrist shot by Morgan Geekie.
0:52 of 2nd period - Stopped by Cal Petersen with a rebound.
0:54 of 2nd period - Snap shot by Frederik Gauthier.
0:54 of 2nd period - Deflect By Trent Frederic.
0:54 of 2nd period - Shot Misses the Net.
0:54 of 2nd period - Puck is out of play.
0:55 of 2nd period - Luke Philp wins face-off versus Frederik Gauthier in Bridgeport Sound Tigers zone.
1:08 of 2nd period - Off-side.
1:09 of 2nd period - Luke Philp wins face-off versus Mark Kastelic in neutral zone.
1:41 of 2nd period - Wrist shot by Rem Pitlick.
1:41 of 2nd period - Stopped by Garret Sparks without a rebound.
1:42 of 2nd period - Barrett Hayton wins face-off versus Luke Philp in Brampton Battalion zone.
1:57 of 2nd period - Wrist shot by Luke Philp.
1:57 of 2nd period - Shot Misses the Net.
2:53 of 2nd period - Slapshot by Nick Schilkey.
2:53 of 2nd period - Stopped by Garret Sparks with a rebound.
2:55 of 2nd period - Slapshot by Alex Dostie.
2:55 of 2nd period - Goal by Alex Dostie - Bridgeport Sound Tigers : 3 - Brampton Battalion : 2.
2:56 of 2nd period - Barrett Hayton wins face-off versus Luke Philp in neutral zone.
2:56 of 2nd period - Martin Kaut is hit by Robbie Russo and loses puck.
3:07 of 2nd period - Slapshot by Martin Kaut.
3:07 of 2nd period - Shot Blocked by Ryan Reaves.
3:09 of 2nd period - Snap shot by Martin Kaut.
3:09 of 2nd period - Shot Misses the Net.
3:17 of 2nd period - Minor Penalty to Ryan Reaves for Tripping.
3:18 of 2nd period - Mason Shaw wins face-off versus Barrett Hayton in Bridgeport Sound Tigers zone.
3:18 of 2nd period - Mason Shaw is hit by Martin Kaut.
3:44 of 2nd period - Mason Shaw is hit by Owen Tippett and loses puck.
3:55 of 2nd period - Wrist shot by Owen Tippett.
3:55 of 2nd period - Goal by Owen Tippett - Bridgeport Sound Tigers : 3 - Brampton Battalion : 3.
3:56 of 2nd period - Luke Philp wins face-off versus Frederik Gauthier in neutral zone.
4:09 of 2nd period - Slapshot by Morgan Geekie.
4:09 of 2nd period - Shot Blocked by Austin Wagner.
4:49 of 2nd period - Wrist shot by Nick Schilkey.
4:49 of 2nd period - Shot Misses the Net.
4:51 of 2nd period - Wrist shot by Mark Alt.
4:51 of 2nd period - Shot Blocked by Mark Kastelic.
4:53 of 2nd period - Slapshot by Robbie Russo.
4:53 of 2nd period - Shot Blocked by Leon Gawanke.
5:05 of 2nd period - Wrist shot by Mason Shaw.
5:05 of 2nd period - Shot Misses the Net.
5:08 of 2nd period - Icing by Hunter Skinner.
5:09 of 2nd period - Paul Cotter wins face-off versus Mason Shaw in Brampton Battalion zone.
5:26 of 2nd period - Wrist shot by Paul Cotter.
5:26 of 2nd period - Stopped by Cal Petersen with a rebound.
5:28 of 2nd period - Snap shot by Hunter Skinner.
5:28 of 2nd period - Deflect By Michael Carcone.
5:28 of 2nd period - Stopped by Cal Petersen without a rebound.
5:29 of 2nd period - Barrett Hayton wins face-off versus Luke Philp in Bridgeport Sound Tigers zone.
5:34 of 2nd period - Snap shot by Barrett Hayton.
5:34 of 2nd period - Shot Blocked by Austin Wagner.
5:40 of 2nd period - Snap shot by Austin Wagner.
5:40 of 2nd period - Shot Misses the Net.
5:42 of 2nd period - Snap shot by Ryan Reaves.
5:42 of 2nd period - Stopped by Garret Sparks without a rebound.
5:43 of 2nd period - Cole Cassels wins face-off versus Frederik Gauthier in Brampton Battalion zone.
5:52 of 2nd period - Slapshot by Trent Frederic.
5:52 of 2nd period - Stopped by Cal Petersen with a rebound.
6:33 of 2nd period - Off-side.
6:34 of 2nd period - Barrett Hayton wins face-off versus Steven Lorentz in neutral zone.
6:50 of 2nd period - Slapshot by Mason Shaw.
6:50 of 2nd period - Shot Blocked by Zach Trotman.
7:00 of 2nd period - Zach Trotman is hit by William Lagesson and loses puck.
7:05 of 2nd period - Wrist shot by Luke Philp.
7:05 of 2nd period - Stopped by Garret Sparks without a rebound.
7:06 of 2nd period - Luke Philp wins face-off versus Frederik Gauthier in Brampton Battalion zone.
7:21 of 2nd period - Snap shot by Ryan Reaves.
7:21 of 2nd period - Deflect By Trent Frederic.
7:21 of 2nd period - Shot Misses the Net.
7:21 of 2nd period - Puck is out of play.
7:22 of 2nd period - Chris Mueller wins face-off versus Barrett Hayton in Brampton Battalion zone.
7:25 of 2nd period - Snap shot by Rem Pitlick.
7:25 of 2nd period - Stopped by Garret Sparks with a rebound.
7:27 of 2nd period - Minor Penalty to Martin Kaut for Holding Stick.
7:28 of 2nd period - Luke Philp wins face-off versus Trent Frederic in Brampton Battalion zone.
7:41 of 2nd period - Snap shot by Ryan Reaves.
7:41 of 2nd period - Deflect By Dennis Gilbert.
7:41 of 2nd period - Shot Misses the Net.
7:41 of 2nd period - Puck is out of play.
7:42 of 2nd period - Luke Philp wins face-off versus Trent Frederic in Brampton Battalion zone.
7:43 of 2nd period - Wrist shot by Austin Wagner.
7:43 of 2nd period - Shot Blocked by Dennis Gilbert.
7:45 of 2nd period - Snap shot by Ryan Reaves.
7:45 of 2nd period - Shot Misses the Net.
7:47 of 2nd period - Slapshot by William Borgen.
7:47 of 2nd period - Goal by William Borgen - Bridgeport Sound Tigers : 4 - Brampton Battalion : 3.
7:48 of 2nd period - Barrett Hayton wins face-off versus Luke Philp in neutral zone.
7:51 of 2nd period - Snap shot by Martin Kaut.
7:51 of 2nd period - Shot Hit the Post.
7:53 of 2nd period - Wrist shot by Jake Bean.
7:53 of 2nd period - Deflect By Barrett Hayton.
7:53 of 2nd period - Stopped by Cal Petersen with a rebound.
8:12 of 2nd period - Icing by Dennis Gilbert.
8:13 of 2nd period - Cole Cassels wins face-off versus Frederik Gauthier in Brampton Battalion zone.
8:28 of 2nd period - Snap shot by Chris Mueller.
8:28 of 2nd period - Goal by Chris Mueller - Bridgeport Sound Tigers : 5 - Brampton Battalion : 3.
8:29 of 2nd period - Barrett Hayton wins face-off versus Luke Philp in neutral zone.
8:36 of 2nd period - Barrett Hayton is hit by Ryan Shea and loses puck.
8:53 of 2nd period - Minor Penalty to Martin Kaut for Holding.
8:54 of 2nd period - Trent Frederic wins face-off versus Luke Philp in Brampton Battalion zone.
9:25 of 2nd period - Snap shot by Cole Cassels.
9:25 of 2nd period - Shot Misses the Net.
9:27 of 2nd period - Snap shot by Mark Alt.
9:27 of 2nd period - Deflect By Rem Pitlick.
9:27 of 2nd period - Shot Misses the Net.
9:27 of 2nd period - Puck is out of play.
9:28 of 2nd period - Cole Cassels wins face-off versus Trent Frederic in Brampton Battalion zone.
10:53 of 2nd period - Penalty to Martin Kaut is over, Martin Kaut is back on ice.
11:13 of 2nd period - Martin Kaut is hit by Michael Carcone.
11:14 of 2nd period - Icing by Martin Kaut.
11:15 of 2nd period - Barrett Hayton wins face-off versus Alex Dostie in Brampton Battalion zone.
11:20 of 2nd period - Snap shot by Barrett Hayton.
11:20 of 2nd period - Stopped by Cal Petersen with a rebound.
11:22 of 2nd period - Slapshot by Barrett Hayton.
11:22 of 2nd period - Shot Misses the Net.
11:24 of 2nd period - Slapshot by Zach Trotman.
11:24 of 2nd period - Deflect By Barrett Hayton.
11:24 of 2nd period - Shot Misses the Net.
11:24 of 2nd period - Puck is out of play.
11:25 of 2nd period - Frederik Gauthier wins face-off versus Alex Dostie in Bridgeport Sound Tigers zone.
11:41 of 2nd period - Jake Bean and Nick Schilkey fight to a draw.
11:41 of 2nd period - Penalty to Jake Bean for Fighting.
11:41 of 2nd period - Penalty to Nick Schilkey for Fighting.
11:41 of 2nd period - Penalty to Nick Schilkey for instigated a fight.
11:41 of 2nd period - Penalty to Nick Schilkey for instigated a fight.
11:42 of 2nd period - Mason Shaw wins face-off versus Barrett Hayton in neutral zone.
11:46 of 2nd period - Off-side.
11:47 of 2nd period - Mason Shaw wins face-off versus Barrett Hayton in neutral zone.
12:58 of 2nd period - Mark Alt is hit by Cam Dineen.
13:41 of 2nd period - Penalty to Nick Schilkey is over, Austin Wagner is send on ice.
14:04 of 2nd period - Wrist shot by Austin Wagner.
14:04 of 2nd period - Stopped by Garret Sparks with a rebound.
14:06 of 2nd period - Wrist shot by Dmitry Sokolov.
14:06 of 2nd period - Deflect By Austin Wagner.
14:06 of 2nd period - Shot Misses the Net.
14:06 of 2nd period - Puck is out of play.
14:07 of 2nd period - Alex Dostie wins face-off versus Paul Cotter in Brampton Battalion zone.
14:12 of 2nd period - Snap shot by Austin Wagner.
14:12 of 2nd period - Goal by Austin Wagner - Bridgeport Sound Tigers : 6 - Brampton Battalion : 3.
14:12 of 2nd period - Calvin Pickard enters game.
14:13 of 2nd period - Barrett Hayton wins face-off versus Luke Philp in neutral zone.
14:22 of 2nd period - Wrist shot by Luke Philp.
14:22 of 2nd period - Stopped by Calvin Pickard without a rebound.
14:23 of 2nd period - Barrett Hayton wins face-off versus Luke Philp in Brampton Battalion zone.
14:36 of 2nd period - Snap shot by Ryan Reaves.
14:36 of 2nd period - Shot Blocked by Cam Dineen.
14:38 of 2nd period - Slapshot by William Borgen.
14:38 of 2nd period - Goal by William Borgen - Bridgeport Sound Tigers : 7 - Brampton Battalion : 3.
14:39 of 2nd period - Luke Philp wins face-off versus Barrett Hayton in neutral zone.
14:46 of 2nd period - Slapshot by Ryan Reaves.
14:46 of 2nd period - Stopped by Calvin Pickard with a rebound.
16:37 of 2nd period - Wrist shot by Michael Carcone.
16:37 of 2nd period - Stopped by Calvin Pickard with a rebound.
16:39 of 2nd period - Backhand shot by Michael Carcone.
16:39 of 2nd period - Shot Misses the Net.
16:49 of 2nd period - Robbie Russo is hit by Mark Kastelic and loses puck.
17:19 of 2nd period - Backhand shot by Rem Pitlick.
17:19 of 2nd period - Stopped by Calvin Pickard with a rebound.
17:21 of 2nd period - Slapshot by Cameron York.
17:21 of 2nd period - Shot Blocked by Kole Sherwood.
17:23 of 2nd period - Backhand shot by Cameron York.
17:23 of 2nd period - Stopped by Calvin Pickard with a rebound.
17:25 of 2nd period - Slapshot by Chris Mueller.
17:25 of 2nd period - Shot Misses the Net.
17:27 of 2nd period - Slapshot by Cole Cassels.
17:27 of 2nd period - Goal by Cole Cassels - Bridgeport Sound Tigers : 8 - Brampton Battalion : 3.
17:28 of 2nd period - Barrett Hayton wins face-off versus Luke Philp in neutral zone.
17:28 of 2nd period - Barrett Hayton is hit by Austin Wagner.
17:34 of 2nd period - Snap shot by Owen Tippett.
17:34 of 2nd period - Stopped by Cal Petersen without a rebound.
17:35 of 2nd period - Luke Philp wins face-off versus Barrett Hayton in Bridgeport Sound Tigers zone.
17:35 of 2nd period - Luke Philp is hit by Owen Tippett.
17:56 of 2nd period - Slapshot by Barrett Hayton.
17:56 of 2nd period - Stopped by Cal Petersen with a rebound.
18:06 of 2nd period - Snap shot by Barrett Hayton.
18:06 of 2nd period - Stopped by Cal Petersen with a rebound.
18:08 of 2nd period - Wrist shot by Martin Kaut.
18:08 of 2nd period - Deflect By Owen Tippett.
18:08 of 2nd period - Stopped by Cal Petersen with a rebound.
18:10 of 2nd period - Slapshot by Jake Bean.
18:10 of 2nd period - Shot Misses the Net.
18:12 of 2nd period - Slapshot by Barrett Hayton.
18:12 of 2nd period - Shot Misses the Net.
18:14 of 2nd period - Slapshot by Dennis Gilbert.
18:14 of 2nd period - Deflect By Owen Tippett.
18:14 of 2nd period - Stopped by Cal Petersen with a rebound.
18:16 of 2nd period - Slapshot by Jake Bean.
18:16 of 2nd period - Stopped by Cal Petersen with a rebound.
18:18 of 2nd period - Snap shot by Barrett Hayton.
18:18 of 2nd period - Stopped by Cal Petersen with a rebound.
18:43 of 2nd period - Snap shot by Barrett Hayton.
18:43 of 2nd period - Deflect By Owen Tippett.
18:43 of 2nd period - Shot Blocked by Cameron York.
18:43 of 2nd period - Puck is out of play.
18:44 of 2nd period - Frederik Gauthier wins face-off versus Cole Cassels in Bridgeport Sound Tigers zone.
18:45 of 2nd period - Wrist shot by Morgan Geekie.
18:45 of 2nd period - Shot Misses the Net.
18:47 of 2nd period - Snap shot by Frederik Gauthier.
18:47 of 2nd period - Deflect By William Borgen.
18:47 of 2nd period - Goal by Frederik Gauthier - Bridgeport Sound Tigers : 8 - Brampton Battalion : 4.
18:48 of 2nd period - Cole Cassels wins face-off versus Frederik Gauthier in neutral zone.
18:54 of 2nd period - Off-side.
18:55 of 2nd period - Cole Cassels wins face-off versus Frederik Gauthier in neutral zone.
19:21 of 2nd period - Wrist shot by Morgan Geekie.
19:21 of 2nd period - Stopped by Cal Petersen with a rebound.
19:43 of 2nd period - Icing by Morgan Geekie.
19:44 of 2nd period - Luke Philp wins face-off versus Frederik Gauthier in Brampton Battalion zone.
19:55 of 2nd period - Snap shot by Ryan Reaves.
19:55 of 2nd period - Deflect By Austin Wagner.
19:55 of 2nd period - Stopped by Calvin Pickard with a rebound.
19:57 of 2nd period - Snap shot by Luke Philp.
19:57 of 2nd period - Shot Misses the Net.
19:59 of 2nd period - Wrist shot by Mark Alt.
19:59 of 2nd period - Stopped by Calvin Pickard with a rebound.
Goals for this period are 6 for Bridgeport Sound Tigers vs 2 for Brampton Battalion.
Shots for this period are 23 for Bridgeport Sound Tigers vs 16 for Brampton Battalion.

3rd period


0:01 of 3rd period - Barrett Hayton wins face-off versus Luke Philp in neutral zone.
0:04 of 3rd period - Wrist shot by Owen Tippett.
0:04 of 3rd period - Shot Misses the Net.
0:26 of 3rd period - Ryan Reaves is hit by Hunter Skinner.
0:34 of 3rd period - Snap shot by Austin Poganski.
0:34 of 3rd period - Shot Misses the Net.
0:36 of 3rd period - Snap shot by Austin Poganski.
0:36 of 3rd period - Shot Misses the Net.
0:38 of 3rd period - Wrist shot by Austin Poganski.
0:38 of 3rd period - Stopped by Cal Petersen with a rebound.
0:48 of 3rd period - Snap shot by Jake Bean.
0:48 of 3rd period - Deflect By Kole Sherwood.
0:48 of 3rd period - Stopped by Cal Petersen without a rebound.
0:49 of 3rd period - Cole Cassels wins face-off versus Paul Cotter in Bridgeport Sound Tigers zone.
1:16 of 3rd period - Backhand shot by Morgan Geekie.
1:16 of 3rd period - Shot Blocked by Mark Alt.
1:55 of 3rd period - Robbie Russo is hit by Cam Dineen and loses puck.
2:04 of 3rd period - Slapshot by William Borgen.
2:04 of 3rd period - Shot Blocked by Mark Kastelic.
2:44 of 3rd period - Snap shot by Michael Carcone.
2:44 of 3rd period - Shot Blocked by Hunter Skinner.
2:46 of 3rd period - Wrist shot by Michael Carcone.
2:46 of 3rd period - Shot Blocked by Hunter Skinner.
2:53 of 3rd period - Icing by Leon Gawanke.
2:54 of 3rd period - Barrett Hayton wins face-off versus Cole Cassels in Brampton Battalion zone.
3:07 of 3rd period - Wrist shot by Barrett Hayton.
3:07 of 3rd period - Shot Misses the Net.
3:09 of 3rd period - Slapshot by Martin Kaut.
3:09 of 3rd period - Deflect By Chris Mueller.
3:09 of 3rd period - Shot Misses the Net.
3:09 of 3rd period - Puck is out of play.
3:10 of 3rd period - Mason Shaw wins face-off versus Frederik Gauthier in Bridgeport Sound Tigers zone.
5:10 of 3rd period - Wrist shot by Cole Cassels.
5:10 of 3rd period - Goal by Cole Cassels - Bridgeport Sound Tigers : 9 - Brampton Battalion : 4.
5:11 of 3rd period - Luke Philp wins face-off versus Martin Kaut in neutral zone.
5:16 of 3rd period - Wrist shot by Ryan Reaves.
5:16 of 3rd period - Deflect By Owen Tippett.
5:16 of 3rd period - Stopped by Calvin Pickard with a rebound.
5:38 of 3rd period - Ryan Shea is hit by Trent Frederic and loses puck.
6:41 of 3rd period - 10 Minutes Misconduct Penalty to Nick Schilkey is over.
7:19 of 3rd period - Mark Kastelic is hit by William Lagesson and loses puck.
7:58 of 3rd period - Slapshot by Owen Tippett.
7:58 of 3rd period - Shot Misses the Net.
8:00 of 3rd period - Slapshot by Cam Dineen.
8:00 of 3rd period - Shot Misses the Net.
8:04 of 3rd period - Snap shot by Barrett Hayton.
8:04 of 3rd period - Shot Misses the Net.
8:16 of 3rd period - Snap shot by Morgan Geekie.
8:16 of 3rd period - Stopped by Cal Petersen without a rebound.
8:17 of 3rd period - Luke Philp wins face-off versus Frederik Gauthier in Bridgeport Sound Tigers zone.
8:17 of 3rd period - Luke Philp is hit by Trent Frederic.
8:23 of 3rd period - Frederik Gauthier is hit by Austin Wagner and loses puck.
8:41 of 3rd period - Trent Frederic is hit by Cole Cassels and loses puck.
9:02 of 3rd period - Wrist shot by Morgan Geekie.
9:02 of 3rd period - Stopped by Cal Petersen without a rebound.
9:03 of 3rd period - Barrett Hayton wins face-off versus Mason Shaw in Bridgeport Sound Tigers zone.
9:04 of 3rd period - Wrist shot by Owen Tippett.
9:04 of 3rd period - Shot Misses the Net.
9:06 of 3rd period - Slapshot by Dennis Gilbert.
9:06 of 3rd period - Stopped by Cal Petersen with a rebound.
9:08 of 3rd period - Slapshot by Owen Tippett.
9:08 of 3rd period - Shot Misses the Net.
9:10 of 3rd period - Snap shot by Barrett Hayton.
9:10 of 3rd period - Shot Blocked by William Lagesson.
9:12 of 3rd period - Wrist shot by Owen Tippett.
9:12 of 3rd period - Deflect By Barrett Hayton.
9:12 of 3rd period - Shot Blocked by William Borgen.
9:12 of 3rd period - Puck is out of play.
9:13 of 3rd period - Barrett Hayton wins face-off versus Luke Philp in Bridgeport Sound Tigers zone.
9:16 of 3rd period - Snap shot by Barrett Hayton.
9:16 of 3rd period - Shot Misses the Net.
9:26 of 3rd period - Wrist shot by Ryan Reaves.
9:26 of 3rd period - Stopped by Calvin Pickard without a rebound.
9:27 of 3rd period - Barrett Hayton wins face-off versus Cole Cassels in Brampton Battalion zone.
9:38 of 3rd period - Wrist shot by Cole Cassels.
9:38 of 3rd period - Shot Blocked by Dennis Gilbert.
10:11 of 3rd period - Slapshot by William Borgen.
10:11 of 3rd period - Stopped by Calvin Pickard without a rebound.
10:12 of 3rd period - Mason Shaw wins face-off versus Frederik Gauthier in Brampton Battalion zone.
10:50 of 3rd period - Snap shot by Barrett Hayton.
10:50 of 3rd period - Shot Blocked by Robbie Russo.
10:56 of 3rd period - Minor Penalty to Robbie Russo for Roughing.
10:57 of 3rd period - Barrett Hayton wins face-off versus Mason Shaw in Bridgeport Sound Tigers zone.
12:26 of 3rd period - Ryan Shea is hit by Trent Frederic.
12:33 of 3rd period - Icing by Frederik Gauthier.
12:34 of 3rd period - Mason Shaw wins face-off versus Frederik Gauthier in Brampton Battalion zone.
12:56 of 3rd period - Penalty to Robbie Russo is over, Robbie Russo is back on ice.
13:37 of 3rd period - Wrist shot by Kristian Vesalainen.
13:37 of 3rd period - Stopped by Cal Petersen without a rebound.
13:38 of 3rd period - Paul Cotter wins face-off versus Cole Cassels in Bridgeport Sound Tigers zone.
14:08 of 3rd period - Luke Philp is hit by Hunter Skinner.
14:30 of 3rd period - Wrist shot by Austin Poganski.
14:30 of 3rd period - Stopped by Cal Petersen with a rebound.
14:36 of 3rd period - Snap shot by Michael Carcone.
14:36 of 3rd period - Deflect By Mark Kastelic.
14:36 of 3rd period - Shot Blocked by James Sanchez.
14:36 of 3rd period - Puck is out of play.
14:37 of 3rd period - Barrett Hayton wins face-off versus Cole Cassels in Brampton Battalion zone.
15:18 of 3rd period - Slapshot by Frederik Gauthier.
15:18 of 3rd period - Shot Misses the Net.
15:20 of 3rd period - Backhand shot by Zach Trotman.
15:20 of 3rd period - Stopped by Cal Petersen with a rebound.
15:34 of 3rd period - Icing by Ryan Reaves.
15:35 of 3rd period - Luke Philp wins face-off versus Paul Cotter in Bridgeport Sound Tigers zone.
16:02 of 3rd period - Slapshot by Austin Wagner.
16:02 of 3rd period - Stopped by Calvin Pickard with a rebound.
16:04 of 3rd period - Slapshot by Ryan Shea.
16:04 of 3rd period - Shot Blocked by Kristian Vesalainen.
16:14 of 3rd period - Luke Philp is hit by Dennis Gilbert and loses puck.
16:49 of 3rd period - Wrist shot by Luke Philp.
16:49 of 3rd period - Stopped by Calvin Pickard with a rebound.
16:51 of 3rd period - Wrist shot by Austin Wagner.
16:51 of 3rd period - Shot Misses the Net.
16:53 of 3rd period - Wrist shot by Austin Wagner.
16:53 of 3rd period - Stopped by Calvin Pickard without a rebound.
16:54 of 3rd period - Barrett Hayton wins face-off versus Cole Cassels in Brampton Battalion zone.
16:54 of 3rd period - Barrett Hayton is hit by Rem Pitlick.
18:11 of 3rd period - Robbie Russo is hit by Frederik Gauthier and loses puck.
18:21 of 3rd period - Icing by Steven Lorentz.
18:22 of 3rd period - Alex Dostie wins face-off versus Mark Kastelic in Bridgeport Sound Tigers zone.
18:27 of 3rd period - Wrist shot by Alex Dostie.
18:27 of 3rd period - Deflect By Nick Schilkey.
18:27 of 3rd period - Shot Blocked by Austin Poganski.
18:27 of 3rd period - Puck is out of play.
18:28 of 3rd period - Alex Dostie wins face-off versus Mark Kastelic in Brampton Battalion zone.
18:34 of 3rd period - Jake Bean is hit by Robbie Russo and loses puck.
18:37 of 3rd period - Wrist shot by Austin Poganski.
18:37 of 3rd period - Stopped by Cal Petersen with a rebound.
18:39 of 3rd period - Snap shot by Austin Poganski.
18:39 of 3rd period - Stopped by Cal Petersen with a rebound.
18:41 of 3rd period - Wrist shot by Austin Poganski.
18:41 of 3rd period - Stopped by Cal Petersen with a rebound.
18:43 of 3rd period - Slapshot by Dennis Gilbert.
18:43 of 3rd period - Shot Misses the Net.
18:45 of 3rd period - Wrist shot by Mark Kastelic.
18:45 of 3rd period - Shot Misses the Net.
18:47 of 3rd period - Slapshot by Dennis Gilbert.
18:47 of 3rd period - Stopped by Cal Petersen with a rebound.
18:49 of 3rd period - Snap shot by James Sanchez.
18:49 of 3rd period - Deflect By Mark Kastelic.
18:49 of 3rd period - Stopped by Cal Petersen with a rebound.
18:51 of 3rd period - Minor Penalty to Robbie Russo for Cross-checking.
18:52 of 3rd period - Barrett Hayton wins face-off versus Mason Shaw in Bridgeport Sound Tigers zone.
19:54 of 3rd period - Wrist shot by Ryan Reaves.
19:54 of 3rd period - Goal by Ryan Reaves - Bridgeport Sound Tigers : 10 - Brampton Battalion : 4.
19:55 of 3rd period - Barrett Hayton wins face-off versus Mason Shaw in neutral zone.
Goals for this period are 2 for Bridgeport Sound Tigers vs 0 for Brampton Battalion.
Shots for this period are 8 for Bridgeport Sound Tigers vs 13 for Brampton Battalion.